 Dungeon Crawl Stone Soup version 0.31.0-2-g5a2aebc5c2 (webtiles) character file.

Game seed: 3196384367123229411

28 Arctor the Vexing (level 3, -1/20 HPs)
             Began as a Kobold Hexslinger on Jan 21, 2024.
             Succumbed to an adder's poison
             ... on level 2 of the Dungeon.
             The game lasted 00:00:30 (1063 turns).

Arctor the Vexing (Kobold Hexslinger)               Turns: 1063, Time: 00:00:30

Health: -1/20      AC:  2    Str:  5    XL:     3   Next: 27%
Magic:  5/5        EV: 15    Int: 14    God:
Gold:   19         SH:  0    Dex: 19    Spells: 5/5 levels left

rFire   . . .        a - +1 sling
rCold   . . .        (no shield)
rNeg    . . .        c - +0 robe
rPois   .            (no helmet)
rElec   .            (no cloak)
rCorr   .            (no gloves)
SInv    .            (no boots)
Will    .....        (no amulet)
Stlth   +++          (no ring)
HPRegen 0.23/turn    (no ring)
MPRegen 0.09/turn

%: no passive effects
@: lethally poisoned (-1 -> -5)
A: small, no large weapons, nightstalker 3
a: no special abilities


You were on level 2 of the Dungeon.
You visited 1 branch of the dungeon, and saw 2 of its levels.

You collected 19 gold pieces.

Inventory:

Hand Weapons
 a - a +1 sling (weapon)
Armour
 c - a +0 robe (worn)
Jewellery
 g - a ring of protection from cold
Scrolls
 b - a scroll of poison
 f - a scroll of amnesia {unknown}
 h - 2 scrolls of identify {unknown}
Potions
 d - 2 potions of heal wounds {unknown}
 e - a potion of curing {unknown}


   Skills:
 + Level 1.6 Fighting
 + Level 3.0 Ranged Weapons
 + Level 2.8 Dodging
 + Level 1.5 Spellcasting
 + Level 3.1 Hexes
 + Level 1.4 Fire Magic


You had 5 spell levels left.
You didn't know any spells.
Your spell library contained the following spells:

 Spells                   Type           Power      Damage    Failure   Level
 Jinxbite                 Hex            20%        N/A       11%         2
 Sigil of Binding         Hex            10%        N/A       21%         3
 Inner Flame              Hex/Fire       7%         N/A       28%         3
 Cause Fear               Hex            5%         N/A       56%         4
 Dimensional Bullseye     Hex/Tloc       2%         N/A       78%         4


Dungeon Overview and Level Annotations

Branches:
Dungeon (2/15)

Altars:


Innate Abilities, Weirdness & Mutations

You are small and have problems with some larger weapons.
You are completely attuned to the shadows.


Message History

The adder hisses angrily.
An adder is nearby!
You shoot a sling bullet.
The sling bullet barely misses the adder.
The adder closely misses you.
You shoot a sling bullet.
The sling bullet barely misses the adder.
The adder bites you. x2
You are poisoned.
The adder poisons you!
You shoot a sling bullet.
The sling bullet barely misses the adder.
You feel sick. The adder barely misses you.
An adder is nearby!
You shoot a sling bullet.
The sling bullet hits the adder but does no damage.
You feel sick. The adder barely misses you. The adder bites you.
You are too injured to fight recklessly!
You don't know any spells.
Sorry, you're not good enough to have a special ability.
You shoot a sling bullet. The sling bullet hits the adder!
The adder is severely wounded.
You feel sick. The adder closely misses you.
You shoot a sling bullet. The sling bullet misses the adder.
You feel sick. The adder bites you.
You are lethally poisoned!
The adder poisons you! The adder bites you.
* * * LOW HITPOINT WARNING * * *
You shoot a sling bullet.
The sling bullet closely misses the adder.
* * * LOW HITPOINT WARNING * * *
You feel very sick. The adder closely misses you. The adder barely misses you.
You shoot a sling bullet.
The sling bullet closely misses the adder.
* * * LOW HITPOINT WARNING * * *
You feel sick. The adder bites you but does no damage.
You shoot a sling bullet.
The sling bullet closely misses the adder.
You die...

#.# #.## #..
#S#### #@....
#.###. #.# #.#
.####### #.#
.......####.#
....<.......###
..####..........
......########


You could see an adder.

Vanquished Creatures
  A dart slug (D:1)
  A ball python (D:1)
  3 endoplasms (D:1)
  2 giant cockroaches (D:1)
  3 hobgoblins
  3 quokkas (D:1)
  2 bats (D:1)
  4 frilled lizards (D:1)
  A goblin (D:1)
  2 kobolds (D:1)
  2 rats (D:1)
24 creatures vanquished.

Notes
Turn   | Place    | Note
-------+----------+-------------------------------------------
     0 | D:1      | Arctor the Kobold Hexslinger began the quest for the Orb.
     0 | D:1      | Reached XP level 1. HP: 12/12 MP: 2/2
   392 | D:1      | Reached XP level 2. HP: 16/16 MP: 3/3
   611 | D:1      | Reached XP level 3. HP: 20/20 MP: 5/5
  1062 | D:2      | HP: 1/20 [poisoned by an adder]
  1063 | D:2      | Succumbed to an adder's poison

Illustrated notes

Levels and vault maps discovered:
D:1:      nzn_arrival_crosshair, layout_loops_corners
D:2:      layout_loops_ring, shapermc_ecumenical_altar_totnotflames,
          minmay_close_crescents

Skill      XL: |  1  2 |
---------------+-------+-----
Ranged Weapons | 3 |  3.0
Fighting       | |  1.6
Dodging        | |  2.8
Spellcasting   | |  1.5
Hexes          | |  3.1
Fire Magic     | |  1.4

Action                     || total
---------------------------++-------
   Fire: Sling             ||    68
 Armour: Robe              ||    17
  Dodge: Dodged            ||    23
